 Dungeon Crawl Stone Soup version 0.26.1-11-gd32895ea62 (webtiles) character file.

Game seed: 218096246836989806

57040 dtburroughs the Fighter (level 14, 0/129 HPs)
             Began as a Minotaur Berserker on May 20, 2021.
             Was a High Priest of Trog.
             Succumbed to a swamp dragon's poison gas
             ... on level 6 of the Lair of Beasts on May 21, 2021.
             The game lasted 01:39:04 (24268 turns).

dtburroughs the Fighter (Minotaur Berserker)       Turns: 24268, Time: 01:39:05

Health: 0/129      AC: 21    Str: 23    XL:     14   Next: 44%
Magic:  13/13      EV:  9    Int:  8    God:    Trog [*****.]
Gold:   1544       SH: 18    Dex: 10    Spells: 13/13 levels left

rFire    . . .     SeeInvis .   y - +7 hand axe (venom)
rCold    . . .     Faith    .   L - +0 tower shield
rNeg     . . .     Spirit   .   m - +0 plate armour
rPois    .         Reflect  .   (helmet restricted)
rElec    .         Harm     .   n - +0 cloak
rCorr    .         Rampage  .   (no gloves)
Will     +++..                  (no boots)
Stlth    ..........             (no amulet)
HPRegen  1.31/turn              h - +4 ring of protection
MPRegen  0.13/turn              E - ring of stealth

@: lethally poisoned (0 -> -33), regenerating, hasted, very quick
A: retaliatory headbutt, horns 2
a: Renounce Religion, Berserk, Trog's Hand, Brothers in Arms


You were on level 6 of the Lair of Beasts.
You worshipped Trog.
Trog was extremely pleased with you.
You visited 2 branches of the dungeon, and saw 17 of its levels.
You also visited: Ossuary and Ice Cave.

You collected 1544 gold pieces.

Inventory:

Hand Weapons
 y - a +7 hand axe of venom (weapon)
 C - a +2 whip of flaming
 V - a +5 flail of freezing
Armour
 m - a +0 plate armour (worn)
 n - a +0 cloak (worn)
 L - a +0 tower shield (worn)
Jewellery
 g - an uncursed ring of positive energy
 h - a +4 ring of protection (left hand)
 E - a ring of stealth (right hand)
 S - an uncursed ring of ice
Wands
 x - a wand of disintegration (16)
 D - a wand of enslavement (4)
 I - a wand of random effects (26)
 M - a wand of flame (2)
 R - a wand of polymorph (22)
 W - a wand of iceblast (13)
 X - a wand of paralysis (6)
Scrolls
 a - a scroll of enchant weapon
 e - 4 scrolls of enchant armour
 i - 5 scrolls of immolation
 j - 12 scrolls of teleportation
 k - a scroll of fear
 p - 6 scrolls of magic mapping
 q - 6 scrolls of remove curse
 r - a scroll of fog
 w - a scroll of summoning {unknown}
 G - a scroll of brand weapon {unknown}
 H - a scroll of vulnerability {unknown}
 J - a scroll of holy word {unknown}
 O - a scroll of noise {unknown}
 P - a scroll of random uselessness {unknown}
 Q - a scroll of torment {unknown}
 U - a scroll of identify
 Y - a scroll of blinking {unknown}
 Z - a scroll of silence {unknown}
Potions
 l - 4 potions of haste
 o - 6 potions of might
 s - 2 potions of magic {unknown}
 t - 3 potions of mutation
 u - 9 potions of attraction
 z - 4 potions of lignification
 A - a potion of cancellation {unknown}
 F - a potion of flight {unknown}
 K - 2 potions of invisibility
 N - a potion of resistance {unknown}
Miscellaneous
 c - a phantom mirror
 v - a phial of floods


   Skills:
 + Level 13.5 Fighting
 + Level 13.5 Axes
 + Level 13.2 Armour
 + Level 12.2 Dodging
 + Level 10.9 Shields
 + Level 8.4 Evocations


You had 13 spell levels left.
You didn't know any spells.
Your spell library was empty.

Dungeon Overview and Level Annotations

Branches:
Dungeon (11/15)            Temple (0/1) D:6            Lair (6/6) D:10
  Swamp (0/4) Lair:3       Spider (0/4) Lair:3        Slime (0/5) Lair:6
    Orc (0/2) D:9         Ossuary (visited)           IceCv (visited)

Altars:
Cheibriados
Fedhas
Hepliaklqana
Nemelex Xobeh
Okawaru
Trog
Uskayaw
Vehumet
The Shining One
Jiyva

Shops:
D:4 ![*   D:9 !

Annotations:
Lair:4 2 transporters, exclusion: oklob plant, Nubia's ghost, journeyman GnEn


Innate Abilities, Weirdness & Mutations

You reflexively headbutt those who attack you in melee.
You have a pair of horns on your head.


Message History

You are too confused!
You feel as though your hastened speed will last longer.
* * * LOW HITPOINT WARNING * * *
You feel very sick.
* * * LOW HITPOINT WARNING * * *
You feel very sick.
* * * LOW HITPOINT WARNING * * *
You feel very sick.
The swamp dragon breathes poison at you.
The blast of poison engulfs you.
You are more poisoned.
* * * LOW HITPOINT WARNING * * *
You are engulfed in poison gas.
You are more poisoned.
* * * LOW HITPOINT WARNING * * *
You feel less invigorated.
You feel less confused.
* * * LOW HITPOINT WARNING * * *
You feel very sick.
You die...

..........†......................
......P≈..#......................
......≈≈≈≈≈......................
......≈≈≈≈≈...<..................
.....≈≈≈≈≈≈.......#..............
.....≈≈≈≈≈........#..............
.....#..≈P..........P............
...................#.............
....#..#........@....#.P.........
.......##........☼☼☼.............
.................☼○☼.............
.................○D○.......#.##..
............................##†##
...#..###.#...#.............#†#.#
#.#....#P........................
##...............................
###..............................


You could see a swamp dragon (catching breath).

Vanquished Creatures
  Gastronok (Lair:2)
  A fire dragon (D:10)
  An ice dragon (Lair:6)
  A boulder beetle (Lair:6)
  7 hydras
  A catoblepas (Lair:4)
  Erica (D:8)
  5 death yaks
  2 two-headed ogres
  Urug (D:9)
  Pikel (D:6)
  2 lindwurms
  An orb spider (Lair:3)
  An oklob plant (Lair:3)
  A manticore (Lair:5)
  22 elephants
  A black mamba (Lair:2)
  Maggie (D:6)
  7 rime drakes
  6 cane toads
  4 torpor snails (Lair:6)
  8 komodo dragons
  A troll (D:9)
  3 tyrant leeches (Lair:6)
  6 hornets (Lair:6)
  16 blink frogs
  2 polar bears
  5 wyverns (Lair:5)
  6 basilisks (Lair:5)
  49 yaks
  3 steam dragons
  14 water moccasins
  2 ice beasts
  A swamp drake (Lair:6)
  5 orc warriors
  5 sky beasts
  A black bear (Lair:3)
  3 ogres
  2 phantoms
  An eye of draining (D:10)
  6 wolves
  4 centaurs
  3 lemures (D:6)
  2 big kobolds
  8 bullfrogs
  Blork the orc (D:4)
  A water moccasin zombie (Ossuary)
  4 scorpions
  10 killer bees
  A water moccasin skeleton (D:9)
  16 wights
  3 electric eels (Lair:1)
  A howler monkey (D:3)
  4 hounds
  13 orc priests
  A jelly (D:10)
  3 bullfrog zombies
  2 centaur skeletons
  5 orc wizards
  Jessica (D:3)
  12 mummies (Ossuary)
  5 iguanas
  Natasha (thrice) (D:3)
  7 hell rats
  4 worker ants
  A killer bee zombie (Ossuary)
  4 hound zombies
  A howler monkey skeleton (D:8)
  A howler monkey zombie (Ossuary)
  6 worker ant zombies
  7 adders
  A shadow imp (D:10)
  4 white imps
  An ufetubus (D:5)
  An ooze (D:2)
  4 adder zombies (Ossuary)
  2 worms
  A dart slug (D:1)
  3 leopard geckos
  53 orcs
  3 bats
  4 giant cockroaches
  11 goblins
  7 hobgoblins
  9 jackals
  4 quokkas
  5 ball pythons
  2 frilled lizards (D:1)
  A giant cockroach zombie (Ossuary)
  2 jackal zombies
  9 kobolds
  A leopard gecko zombie (Ossuary)
  A quokka zombie (Ossuary)
  6 rats
476 creatures vanquished.

Vanquished Creatures (collateral kills)
  Nessos (Lair:4)
  2 death yaks (Lair:3)
  2 elephants (Lair:5)
  Joseph (D:8)
  2 rime drakes (Lair:5)
  A tyrant leech (Lair:6)
  A wyvern (Lair:5)
  A basilisk (Lair:5)
  An ogre (D:8)
  An orc priest (D:8)
  A bullfrog skeleton (D:8)
  2 hell rats (Lair:5)
  6 orcs (D:8)
22 creatures vanquished.

Vanquished Creatures (others)
  2 orcs (D:8)
  A bush (Lair:5)
  45 fungi
  101 plants
149 creatures vanquished.

Grand Total: 647 creatures vanquished

Notes
Turn   | Place    | Note
-------+----------+-------------------------------------------
     0 | D:1      | dtburroughs the Minotaur Berserker began the quest for the
                  | Orb.
     0 | D:1      | Reached XP level 1. HP: 19/19 MP: 0/0
   280 | D:1      | Reached XP level 2. HP: 27/27 MP: 1/1
   659 | D:2      | Found a sparkling altar of Nemelex Xobeh.
   907 | D:2      | Reached ** piety under Trog
   908 | D:2      | Reached XP level 3. HP: 31/33 MP: 2/2
  1247 | D:3      | Noticed Jessica
  1536 | D:3      | Killed Jessica
  1537 | D:3      | Reached XP level 4. HP: 40/41 MP: 3/3
  1906 | D:3      | Reached XP level 5. HP: 42/47 MP: 4/4
  1945 | D:3      | Noticed Natasha
  1961 | D:3      | Killed Natasha
  2235 | D:3      | Reached skill level 5 in Fighting
  2235 | D:3      | Reached skill level 5 in Axes
  2287 | D:3      | Noticed Natasha
  2299 | D:3      | Killed Natasha
  2370 | D:3      | Noticed Natasha
  2380 | D:3      | Killed Natasha
  2381 | D:3      | Reached XP level 6. HP: 52/56 MP: 5/5
  3309 | D:4      | Reached skill level 5 in Armour
  3309 | D:4      | Reached XP level 7. HP: 51/62 MP: 6/6
  3311 | D:4      | Reached *** piety under Trog
  3368 | D:4      | Found Sauruemm's Distillery.
  3515 | D:4      | Noticed Blork the orc
  3536 | D:4      | Killed Blork the orc
  3630 | D:4      | Found Ojuewk's General Store.
  3697 | D:4      | Reached skill level 5 in Dodging
  3842 | D:4      | Found a snail-covered altar of Cheibriados.
  3868 | D:4      | Found Tomeuly's Armour Boutique.
  4203 | D:5      | Entered Level 5 of the Dungeon
  4340 | D:5      | Found an iron altar of Okawaru.
  4597 | D:5      | Reached XP level 8. HP: 71/71 MP: 7/7
  5140 | D:6      | Noticed Pikel
  5152 | D:6      | Killed Pikel
  5437 | D:6      | Found a staircase to the Ecumenical Temple.
  6008 | D:6      | Noticed Maggie
  6029 | D:6      | Killed Maggie
  6030 | D:6      | Reached XP level 9. HP: 62/81 MP: 8/8
  7187 | D:7      | Found a bloodstained altar of Trog.
  7252 | D:7      | Reached **** piety under Trog
  7515 | D:8      | Found a flagged portal.
  7572 | D:8      | Found a sand-covered staircase.
  7583 | Ossuary  | Entered an ossuary
  7601 | Ossuary  | Reached skill level 1 in Shields
  7637 | Ossuary  | Reached skill level 1 in Evocations
  8026 | D:8      | Noticed Joseph
  8032 | D:8      | Killed Joseph
  8095 | D:8      | Reached XP level 10. HP: 72/91 MP: 9/9
  8116 | D:8      | Noticed Erica
  8541 | D:8      | Killed Erica
  9177 | D:8      | Found a hazy altar of Hepliaklqana.
  9181 | D:8      | Found a hide-covered altar of Uskayaw.
  9181 | D:8      | Found a blossoming altar of Fedhas.
  9192 | D:8      | Found a glowing golden altar of the Shining One.
  9201 | D:8      | Found a radiant altar of Vehumet.
  9497 | D:9      | Reached ***** piety under Trog
  9751 | D:9      | Found a staircase to the Orcish Mines.
 10073 | D:9      | Found Omostrizo's Distillery.
 10142 | D:9      | Reached skill level 10 in Fighting
 10146 | D:9      | Reached skill level 5 in Shields
 10175 | D:9      | Noticed a two-headed ogre
 10203 | D:9      | Killed a two-headed ogre
 10204 | D:9      | Reached skill level 10 in Axes
 10506 | D:10     | Entered Level 10 of the Dungeon
 10514 | D:10     | Reached XP level 11. HP: 97/99 MP: 10/10
 10883 | D:10     | Found a staircase to the Lair.
 10894 | D:10     | Noticed a fire dragon
 10910 | D:10     | Killed a fire dragon
 10911 | D:10     | Reached skill level 10 in Armour
 10916 | D:10     | Noticed Urug
 10950 | D:9      | Killed Urug
 11597 | D:11     | Noticed a two-headed ogre
 11607 | D:11     | Killed a two-headed ogre
 11720 | D:11     | Received a gift from Trog
 11775 | Lair:1   | Entered Level 1 of the Lair of Beasts
 12035 | Lair:1   | Found a frozen archway.
 12060 | IceCv    | Entered an ice cave
 12375 | Lair:1   | Reached skill level 5 in Evocations
 13828 | Lair:2   | Noticed Gastronok
 13853 | Lair:2   | Killed Gastronok
 13854 | Lair:2   | Reached skill level 10 in Dodging
 13854 | Lair:2   | Reached XP level 12. HP: 66/110 MP: 11/11
 14970 | Lair:3   | You fall into a shaft and drop 1 floor!
 15261 | Lair:3   | Noticed a four-headed hydra
 15270 | Lair:3   | Killed a four-headed hydra
 15373 | Lair:3   | Noticed a death yak
 15397 | Lair:3   | Killed a death yak
 15527 | Lair:3   | Noticed a death yak
 15527 | Lair:3   | Noticed a death yak
 15569 | Lair:3   | Killed a death yak
 15575 | Lair:3   | Noticed a death yak
 15601 | Lair:2   | Killed a death yak
 15859 | Lair:3   | Killed a death yak
 16163 | Lair:3   | Found a staircase to the Swamp.
 16328 | Lair:3   | Noticed a six-headed hydra
 16337 | Lair:3   | Killed a six-headed hydra
 16429 | Lair:3   | Found a hole to the Spider Nest.
 16742 | Lair:3   | Noticed a death yak
 16743 | Lair:3   | Noticed a death yak
 16744 | Lair:3   | Noticed a death yak
 16790 | Lair:2   | Killed a death yak
 17029 | Lair:3   | Killed a death yak
 17031 | Lair:3   | Killed a death yak
 17257 | Lair:4   | Noticed a catoblepas
 17268 | Lair:4   | Killed a catoblepas
 17501 | Lair:4   | Found a transporter.
 17551 | Lair:4   | Noticed Nessos
 17567 | Lair:4   | Killed Nessos
 17568 | Lair:4   | Reached XP level 13. HP: 103/118 MP: 12/12
 17697 | Lair:4   | Found a transporter.
 17952 | Lair:4   | Noticed Nubia's ghost (journeyman GnEn)
 19807 | Lair:6   | Entered Level 6 of the Lair of Beasts
 19897 | Lair:6   | Reached skill level 10 in Shields
 21092 | Lair:6   | Reached XP level 14. HP: 101/129 MP: 13/13
 21207 | Lair:6   | Found a runed translucent door.
 21922 | Lair:6   | Paralysed by a hornet for 3 turns
 21928 | Lair:6   | Paralysed by a hornet for 3 turns
 22079 | Lair:6   | Paralysed by a hornet for 1 turns
 23972 | Lair:6   | Found a staircase to the Slime Pits.
 23972 | Lair:6   | Found a viscous altar of Jiyva.
 24266 | Lair:6   | HP: 6/129 [swamp dragon/blast of poison (6)]
 24267 | Lair:6   | HP: 2/129 [swamp dragon] (4)]
 24268 | Lair:6   | Succumbed to a swamp dragon's poison gas

Illustrated notes

Levels and vault maps discovered:
D:1:      dpeg_arrival_pond, layout_basic
D:2:      layout_loops_ring, nemelex_spade_bored_becter
D:3:      layout_basic, uniq_jessica, uniq_natasha
D:4:      layout_layer_cave, serial_shops, shop, kennysheep_mini_moat, shop,
          minmay_ruined_shrine, uniq_blork_the_orc
D:5:      layout_basic, okawaru_trees_2
D:6:      layout_loops_corners, minmay_temple_entry_statues_fountains,
          uniq_pikel, uniq_maggie
D:7:      layout_basic, bloody_trog
D:8:      layout_gridville, minmay_overflow_temple_star_hex, enter_bailey_4,
          enter_ossuary_3, special_room [special_room_orc], uniq_erica,
          uniq_joseph
D:9:      layout_irregular_city, david_orc_3, serial_shops,
          nicolae_shop_statue_plus
D:10:     layout_small_grid, minmay_lair_entry_lava, uniq_urug
D:11:     layout_rooms, ebering_ghost_rock_garden, nicolae_trove_entry_columns
Lair:1:   layout_layer_cave, serial_bayou, serial_bayou_lagoon_a,
          serial_bayou_ford_a, serial_bayou_lagoon_b, serial_bayou_pond_d,
          portal_ice_cave_rime
Lair:2:   layout_roguey, nicolae_volcano_entry_vermiform, uniq_gastronok
Lair:3:   layout_chaotic_city, swamp_mist, nicolae_spider_entry_orb_guardian,
          beast_lair_carwin_6, minmay_lair_oklob_chamber
Lair:4:   layout_roguey, gammafunk_ghost_berserking_beasts,
          serial_bayou_shore_b, grunt_megastairs_4, serial_bayou_shore_b,
          serial_bayou_shore_b, uniq_nessos
Lair:5:   layout_roguey [special_room_mythical_zoo]
Lair:6:   guppyfry_lair_end_dragon, layout_gridlike, wormcave, slime_altar_1

Skill      XL: |  1  2  3  4  5  6  7  8  9 10 11 12 13 14 |
---------------+-------------------------------------------+-----
Axes           | 4 5 6 8 9 10 11 12 13 | 13.5
Fighting       | 4 5 6 8 9 10 11 12 13 | 13.5
Armour         | 3 4 5 6 7 8 9 10 11 12 13 | 13.2
Dodging        | 3 4 5 6 7 9 10 11 12 | 12.2
Shields        | 2 5 7 8 10 | 10.9
Evocations     | 1 3 5 6 7 8 |  8.4

Action                   |  1- 3 |  4- 6 |  7- 9 | 10-12 | 13-15 || total
-------------------------+-------+-------+-------+-------+-------++-------
Melee: Hand axe          |    74 |   135 |   372 |   368 |   485 ||  1434
       Headbutt          |    13 |    25 |    91 |   160 |   137 ||   426
       Flail             |       |       |       |   238 |   140 ||   378
       Whip              |       |       |       |    60 |    45 ||   105
Invok: Trog's Hand       |       |     2 |     3 |     7 |     2 ||    14
       Brothers in Arms  |       |       |     1 |     3 |     6 ||    10
Evoke: Wand              |       |       |       |    20 |     9 ||    29
  Use: Scroll            |       |       |     9 |    17 |     7 ||    33
       Potion            |       |       |       |     5 |    12 ||    17
 Stab: Paralysed         |       |       |       |       |     4 ||     4
       Confused          |       |       |       |       |     1 ||     1
       Distracted        |       |       |       |       |     1 ||     1
Armor: Ring mail         |     5 |       |       |    29 |       ||    34
       Plate armour      |    30 |   100 |   178 |   248 |   365 ||   921
       Skin              |       |       |     1 |       |       ||     1
       Acid dragon scale |       |       |       |     1 |     2 ||     3
Dodge: Dodged            |    33 |    51 |   104 |   120 |   171 ||   479
Block: Tower shield      |       |       |    56 |   457 |   573 ||  1086
